 Dungeon Crawl Stone Soup version 0.29-a0-25-g7f48f510a0 (webtiles) character file.

Game seed: 17076773883682951853

60 oldriver the Skirmisher (level 4, 0/41 HPs)
             Began as a Hill Orc Gladiator on Feb 1, 2022.
             Slain by a goblin (2 damage)
             ... led by Robin
             ... on level 2 of the Dungeon.
             The game lasted 00:02:31 (1754 turns).

oldriver the Skirmisher (Hill Orc Gladiator)        Turns: 1754, Time: 00:02:32

Health: 0/41       AC:  4    Str: 15 (18) XL:     4   Next: 4%
Magic:  4/4        EV: 12    Int:  6 (8)  God:
Gold:   41         SH:  0    Dex: 11 (12) Spells: 3/3 levels left

rFire   . . .      SeeInvis .   a - +0 war axe
rCold   . . .      Faith    .   (no shield)
rNeg    . . .      Spirit   .   h - +0 leather armour
rPois   .          Reflect  .   c - +0 helmet
rElec   .          Harm     .   (no cloak)
rCorr   .          Rampage  .   (no gloves)
Will    .....                   (no boots)
Stlth   +.........              (no amulet)
HPRegen 0.13/turn               (no ring)
MPRegen 0.09/turn               (no ring)

@: lethally poisoned (0 -> -3)
A: no striking features
a: no special abilities


You were on level 2 of the Dungeon.
You visited 1 branch of the dungeon, and saw 2 of its levels.

You collected 41 gold pieces.

Inventory:

Hand Weapons
 a - a +0 war axe (weapon)
 b - a +0 hunting sling
Missiles
 d - 4 throwing nets (quivered)
 e - 5 poisoned darts
 g - 6 sling bullets
 j - 18 stones
Armour
 c - a +0 helmet (worn)
 h - a +0 leather armour (worn)
 o - the +1 ring mail of Siutag {rN+ Str-3 Int+2}
   (You found it on level 2 of the Dungeon)

   Str:       It affects your strength (-3).
   Int:       It affects your intelligence (+2).
   rN:        It protects you from negative energy.
Jewellery
 k - a ring of flight
Wands
 m - a wand of flame (22)
Scrolls
 f - a scroll of blinking
 i - a scroll of identify
 l - a scroll of teleportation {unknown}
 n - a scroll of amnesia


   Skills:
 + Level 4.9 Fighting
 - Level 4.0 Axes
 - Level 1.8 Throwing
 - Level 2.4 Dodging


You had 3 spell levels left.
You didn't know any spells.
Your spell library was empty.

Dungeon Overview and Level Annotations

Branches:
Dungeon (2/15)

Altars:

Annotations:
D:2 Robin


Message History

Are you sure you want to cancel this blink?
Blink to where?
Press: ? - help, Dir - move target, f - you Are you sure you want to cancel this blink?
Blink to where?
Press: ? - help, Dir - move target, f - you Are you sure you want to cancel this blink? [Y]es or [N]o only, please.
Are you sure you want to cancel this blink?
Blink to where?
Press: ? - help, Dir - move target, f - you Are you sure you want to cancel this blink?
Blink to where?
Press: ? - help, Dir - move target
As you read the scroll labelled MARRIAXEUMP, it crumbles to dust.
It was a scroll of blinking.
* * * LOW HITPOINT WARNING * * *
You feel sick. Robin throws the goblin at you!
Press: ? - help, v - describe, . - travel
Here: a goblin, wielding a +1 dagger of freezing (strong)
The floor.
Press: ? - help, v - describe, . - travel
Here: a goblin, wielding a +0 dagger of venom (translocational energy, strong)
The floor.
You hit the goblin.
You kill the goblin!
* * * LOW HITPOINT WARNING * * *
You feel sick.
The goblin no longer looks unusually strong.
Robin roars a battlecry!
The goblin goes into a battle-frenzy!
You aren't carrying any potions.
As you read the scroll labelled VIEGHARETY, it crumbles to dust.
It is a scroll of identify.
n - a scroll of amnesia
* * * LOW HITPOINT WARNING * * *
You feel sick. Robin throws the goblin at you!
The goblin completely misses you.
The goblin hits you with a +0 dagger of venom.
You die...

.....#......##..###.######
...........###..###.#
..####.#### #......#
#<....# ##.##### #.....#
#.# #.....# #.# #.....#
#.# #.....# ###.# #######
#g@.# #g### #g# #.# #†#
..g..(g)# ..g#.g### #.r
.(.


You could see Robin and 3 goblins.

Vanquished Creatures
  2 adders (D:2)
  3 bats (D:1)
  5 endoplasms (D:1)
  2 giant cockroaches (D:1)
  4 goblins
  7 hobgoblins
  2 quokkas
  5 ball pythons
  2 frilled lizards
  2 kobolds
  4 rats
38 creatures vanquished.

Notes
Turn   | Place    | Note
-------+----------+-------------------------------------------
     0 | D:1      | oldriver the Hill Orc Gladiator began the quest for the
                  | Orb.
     0 | D:1      | Reached XP level 1. HP: 18/18 MP: 1/1
   249 | D:1      | Reached XP level 2. HP: 26/26 MP: 2/2
   655 | D:1      | Reached XP level 3. HP: 33/33 MP: 3/3
  1356 | D:2      | Identified the +1 ring mail of Siutag {rN+ Str-3 Int+2}
  1737 | D:2      | Noticed Robin
  1749 | D:2      | Reached XP level 4. HP: 18/41 MP: 4/4
  1754 | D:2      | HP: 2/41 [poisoned by a goblin]
  1754 | D:2      | Slain by a goblin

Illustrated notes

Levels and vault maps discovered:
D:1:      lightli_arrival_lavapool, layout_loops_corners, serial_aquarium,
          aquarium_bridge_square [aquarium_subvault_wall,
          aquarium_subvault_bridge, aquarium_subvault_balcony,
          aquarium_subvault_window], aquarium_bridge_island_small
          [aquarium_subvault_small_open, aquarium_subvault_bridge,
          aquarium_subvault_bridge, aquarium_subvault_wall,
          aquarium_subvault_window], aquarium_window_1,
          aquarium_window_corridor_1, aquarium_view_2d, aquarium_pool_side
D:2:      minmay_inner_zag, layout_loops_cross, uniq_robin

Skill      XL: |  1  2 |
---------------+-------+-----
Fighting       | 3 4 |  4.9
Axes           | |  4.0
Throwing       | |  1.8
Dodging        | |  2.4

Action                   |  1- 3 |  4- 6 || total
-------------------------+-------+-------++-------
Melee: War axe           |   103 |     3 ||   106
       Punch             |     1 |     1 ||     2
 Fire: Hunting sling     |     6 |       ||     6
  Use: Potion            |     3 |       ||     3
       Scroll            |       |     2 ||     2
 Stab: Sleeping          |     1 |       ||     1
Armor: Leather armour    |    52 |     2 ||    54
Dodge: Dodged            |    81 |     1 ||    82

Table legend: (Time is in decaauts)
 A = Elapsed time spent in this place.
 B = Non-inter-level travel time spent in this place.
 C = Inter-level travel time spent in this place.
 D = Time resting spent in this place.
 E = Time spent auto-exploring this place.
 F = Levels seen in this place.
 G = Mean time per level.
                   A        B        C        D        E       F      G
               +--------+--------+--------+--------+--------+-----+--------+
         Total |   1785 |   1702 |     83 |    249 |   1140 |   2 |  892.5 |
       Dungeon |   1785 |   1702 |     83 |    249 |   1140 |   2 |  892.5 |
               +--------+--------+--------+--------+--------+-----+--------+

Top non-repeatable levels by time:
     D:1: 1245 daAuts
     D:2: 540 daAuts
